 Dungeon Crawl Stone Soup version 0.30-a0-778-g2ef04afb54 (webtiles) character file.

Game seed: 18361701860350700546

1858 Smoke131 the Thrower (level 9, -3/81 HPs)
             Began as an Ogre Gladiator on Feb 16, 2023.
             Was a Believer of Okawaru.
             Slain by a killer bee (7 damage)
             ... on level 7 of the Dungeon.
             The game lasted 00:19:21 (6854 turns).

Smoke131 the Thrower (Ogre Gladiator)               Turns: 6854, Time: 00:19:22

Health: -3/81      AC:  3    Str: 20    XL:     9   Next: 13%
Magic:  14/15      EV: 10    Int:  9    God:    Okawaru [**....]
Gold:   258        SH:  0    Dex: 14    Spells: 8/8 levels left

rFire   . . .      SeeInvis .    a - +1 war axe (elec)
rCold   . . .      Faith    .    (no shield)
rNeg    . . .      Spirit   .    b - +0 robe
rPois   .          Reflect  .    c - +0 hat
rElec   .          Harm     .    (no cloak)
rCorr   +          Rampage  .    (gloves unavailable)
Will    .....                    (boots unavailable)
Stlth   +                        (no amulet)
HPRegen 0.33/turn                x - ring of resist corrosion
MPRegen 0.14/turn                (no ring)

@: no status effects
A: large, unfitting armour, tough skin 1
a: Renounce Religion, Heroism


You were on level 7 of the Dungeon.
You worshipped Okawaru.
Okawaru was pleased with you.
You visited 1 branch of the dungeon, and saw 7 of its levels.

You collected 258 gold pieces.

Inventory:

Hand Weapons
 a - a +1 war axe of electrocution (weapon)
 v - a +4 short sword
Missiles
 d - 2 throwing nets
 g - 70 stones
 r - 3 silver javelins (quivered)
 B - 3 poisoned darts
 D - 3 atropa-tipped darts
 G - 6 large rocks
Armour
 b - a +0 robe (worn)
 c - a +0 hat (worn)
Jewellery
 x - a ring of resist corrosion (left hand)
 z - a ring of willpower
Wands
 e - a wand of paralysis (32)
 m - a wand of iceblast (4)
 F - a wand of polymorph (11)
Scrolls
 l - 2 scrolls of teleportation
 p - a scroll of magic mapping
 E - a scroll of fog
Potions
 f - a potion of flight
 i - 3 potions of attraction {unknown}
 j - a potion of magic
 k - 6 potions of heal wounds {unknown}
 o - a potion of lignification {unknown}
 q - 3 potions of haste {unknown}
 s - 2 potions of resistance {unknown}
 t - 2 potions of invisibility {unknown}
 u - a potion of cancellation {unknown}
 w - 2 potions of ambrosia {unknown}
 C - a potion of degeneration {unknown}


   Skills:
 - Level 3.0 Fighting
 - Level 3.0 Axes
 + Level 8.9 Throwing
 - Level 3.0 Dodging
 + Level 8.0 Invocations


You had 8 spell levels left.
You didn't know any spells.
Your spell library contained the following spells:

 Spells                   Type           Power      Damage    Failure   Level
 Sublimation of Blood     Necr           0%         N/A       52%         2
 Portal Projectile        Hex/Tloc       0%         N/A       77%         3
 Leda's Liquefaction      Hex/Erth       0%         N/A       99%         4
 Petrify                  Tmut/Erth      0%         N/A       99%         4
 Irradiate                Conj/Tmut      0%         3d11      100%        5
 Call Canine Familiar     Summ           Unusable   N/A       N/A         3

Dungeon Overview and Level Annotations

Branches:
Dungeon (7/15)             Temple (0/1) D:6

Altars:
Nemelex Xobeh
Okawaru
Xom

Shops:
D:2 =


Innate Abilities, Weirdness & Mutations

You are too large for most types of armour.
You have tough skin. (AC +1)


Message History

You assume a fearsome visage.
The hornet looks frightened!
The killer bee looks frightened! x6
You feel extremely sick.
Throw: 3 throwing nets
Press: ? - help, Q - select action, (/) - cycle Shift-Dir - straight line, f/p - hornet
Aim: a hornet (almost dead, fleeing, 51% to hit)
You throw a throwing net. The throwing net misses the hornet.
The throwing net completely misses the killer bee.
You feel very sick.
Cornered, the killer bee turns to fight!
Throw: 4 javelins (silver)
Press: ? - help, Q - select action, (/) - cycle Shift-Dir - straight line, f/p - hornet
Aim: a hornet (almost dead, fleeing, 51% to hit)
You throw a silver javelin.
The silver javelin pierces through the hornet!!
You kill the hornet!
Okawaru accepts your kill.
The silver javelin closely misses the killer bee.
You feel very sick.
Your Invocations skill increases to level 8!
Blink to where?
Press: ? - help, Dir - move target
As you read the scroll of blinking, it crumbles to dust.
You feel very sick.
Aiming: Paralyse
Press: ? - help, Shift-Dir - straight line, f - killer bee
Aim: a killer bee (chance to affect: 57%)
The killer bee resists with significant effort.
You feel sick. The killer bee misses you. The killer bee stings you!
* * * LOW HITPOINT WARNING * * *
You feel better.
You feel yourself speed up. The killer bee stings you.
* * * LOW HITPOINT WARNING * * *
You are poisoned.
The killer bee poisons you! The killer bee barely misses you.
You feel better. The killer bee stings you!
* * * LOW HITPOINT WARNING * * *
The killer bee stings you!
You die...

### ## ##.. #.
...# #. #..# .
#. #..###...
#.#####.......y
#.@yy†......(..
#####...8#8....
#...#(# ...
#.#.8#8. .
#.#.....#
#y#####... #+#
###


You could see 2 killer bees.

Vanquished Creatures
  A hornet (D:7)
  A steam dragon (D:6)
  A water moccasin (D:7)
  An orc warrior (D:6)
  2 ogres
  A phantom (D:4)
  2 bullfrogs (D:6)
  3 necrophages
  2 scorpions
  A gnoll sergeant (D:5)
  An oklob sapling (D:6)
  4 hounds
  A jelly (D:6)
  An orc priest (D:3)
  Ijyb (D:5)
  An iguana (D:6)
  An orc wizard (D:4)
  9 gnolls
  10 adders
  A white imp (D:6)
  2 worms
  4 dart slugs
  12 orcs
  8 ball pythons
  11 endoplasms
  3 giant cockroaches
  9 goblins
  9 hobgoblins
  2 jackals (D:1)
  6 quokkas
  19 bats
  2 frilled lizards
  6 kobolds
  8 rats
146 creatures vanquished.

Vanquished Creatures (others)
  11 plants (D:6)
11 creatures vanquished.

Grand Total: 157 creatures vanquished

Notes
Turn   | Place    | Note
-------+----------+-------------------------------------------
     0 | D:1      | Smoke131 the Ogre Gladiator began the quest for the Orb.
     0 | D:1      | Reached XP level 1. HP: 22/22 MP: 1/1
    75 | D:1      | Reached XP level 2. HP: 11/31 MP: 2/2
   707 | D:1      | Reached XP level 3. HP: 19/37 MP: 3/3
  1096 | D:2      | Found Ekodi's Jewellery Shop.
  1237 | D:2      | Reached XP level 4. HP: 26/45 MP: 4/4
  2208 | D:3      | Reached XP level 5. HP: 53/53 MP: 5/5
  2252 | D:3      | Found an iron altar of Okawaru.
  2260 | D:3      | Became a worshipper of Warmaster Okawaru
  2716 | D:3      | Reached skill level 5 in Throwing
  2902 | D:3      | Reached skill level 1 in Invocations
  3221 | D:4      | Reached XP level 6. HP: 57/61 MP: 7/7
  4072 | D:4      | Reached XP level 7. HP: 29/67 MP: 9/9
  4247 | D:4      | Found a shimmering altar of Xom.
  4407 | D:5      | Entered Level 5 of the Dungeon
  4414 | D:5      | Reached * piety under Okawaru
  5107 | D:5      | Reached skill level 5 in Invocations
  5322 | D:5      | Reached XP level 8. HP: 69/75 MP: 10/12
  5345 | D:5      | Found a shimmering altar of Xom.
  5407 | D:5      | Noticed Ijyb
  5415 | D:5      | Killed Ijyb
  5615 | D:6      | Found a staircase to the Ecumenical Temple.
  5861 | D:6      | Reached ** piety under Okawaru
  6414 | D:6      | Found a sparkling altar of Nemelex Xobeh.
  6830 | D:7      | Reached XP level 9. HP: 81/81 MP: 14/14
  6834 | D:7      | Noticed a hornet
  6845 | D:7      | Paralysed by a hornet for 3 turns
  6850 | D:7      | Killed a hornet
  6852 | D:7      | HP: 3/81 [killer bee (8)]
  6854 | D:7      | Slain by a killer bee

Illustrated notes

Levels and vault maps discovered:
D:1:      minmay_arrival_arboretum_large, layout_basic,
          chequers_serial_rivers_marsh
D:2:      layout_basic, serial_shops, shop, serial_curves, eino_curves_03,
          eino_curves_01, minmay_small_reverse_x
D:3:      wad_river_or_something, layout_basic, marbit_many_paths,
          minmay_misc_feat_nine_boxes, grunt_ministairs_10, roderic_batcave
D:4:      layout_basic, minmay_ruined_shrine
D:5:      layout_cave_pools, mainiacjoe_overflow_cross_hatched, uniq_ijyb
D:6:      layout_loops_ring, lemuel_crystal_altar, minmay_temple_entry_oklob
D:7:      cheibrodos_quashed, layout_basic, minmay_statues_item

Skill      XL: |  1  2  3  4  5  6  7  8  9 |
---------------+----------------------------+-----
Fighting       | 3 |  3.0
Dodging        | 3 |  3.0
Throwing       | 3 4 5 6 7 8 |  8.9
Invocations    | 2 3 5 7 8 |  8.0
Axes           | |  3.0

Action                     |  1- 3 |  4- 6 |  7- 9 || total
---------------------------+-------+-------+-------++-------
  Melee: War axe           |   109 |   185 |   107 ||   401
         Punch             |     3 |     2 |     2 ||     7
  Throw: Large rock        |     1 |     3 |     5 ||     9
         Javelin           |       |     6 |    16 ||    22
         Stone             |       |       |     7 ||     7
         Boomerang         |       |       |    13 ||    13
         Dart              |       |       |     6 ||     6
         Throwing net      |       |       |     2 ||     2
  Evoke: Wand              |       |       |     3 ||     3
    Use: Scroll            |       |    10 |     7 ||    17
         Potion            |       |       |     3 ||     3
   Stab: Sleeping          |     2 |     2 |       ||     4
         Paralysed         |       |       |     9 ||     9
 Armour: Robe              |    55 |    77 |    19 ||   151
  Dodge: Dodged            |    79 |   130 |    62 ||   271

Table legend: (Time is in decaauts)
 A = Elapsed time spent in this place.
 B = Non-inter-level travel time spent in this place.
 C = Inter-level travel time spent in this place.
 D = Time resting spent in this place.
 E = Time spent auto-exploring this place.
 F = Levels seen in this place.
 G = Mean time per level.
                   A        B        C        D        E       F      G
               +--------+--------+--------+--------+--------+-----+--------+
         Total |   7007 |   6751 |    256 |   1700 |   3424 |   7 | 1001.0 |
       Dungeon |   7007 |   6751 |    256 |   1700 |   3424 |   7 | 1001.0 |
               +--------+--------+--------+--------+--------+-----+--------+

Top non-repeatable levels by time:
     D:4: 1625 daAuts
     D:6: 1245 daAuts
     D:2: 1236 daAuts
     D:3: 1039 daAuts
     D:1: 938 daAuts
     D:5: 890 daAuts
     D:7: 32 daAuts
